 Dungeon Crawl Stone Soup version 0.30.0-29-ga12c61a403 (webtiles) character file.

Game seed: 12522179838742321282

6923 MacCMillion the Frost Mage (level 11, -3/81 HPs)
             Began as a Gnoll Ice Elementalist on June 15, 2023.
             Was a Believer of Cheibriados.
             Slain by an unseen horror (5 damage)
             ... on level 10 of the Dungeon.
             The game lasted 00:30:46 (13037 turns).

MacCMillion the Frost Mage (GnIE)                  Turns: 13037, Time: 00:30:46

Health: -3/81      AC: 22    Str: 12      XL:     11   Next: 7%
Magic:  23/23      EV: 14    Int: 29      God:    Cheibriados [**....]
Gold:   299        SH:  6    Dex: 15 (16) Spells: 15/26 levels left

rFire   + . .        L - +2 short sword (holy)
rCold   + . .        F - +0 buckler
rNeg    . . .        y - +0 acid dragon scales
rPois   .            q - +2 hat
rElec   .            p - scarf {rC+ rF+}
rCorr   +            r - +0 pair of gloves
SInv    .            (no boots)
Will    .....        K - amulet of the acrobat
Stlth   +++          j - +6 ring of intelligence
HPRegen 0.33/turn    C - +4 ring of protection
MPRegen 0.18/turn

%: acrobat
@: ice-armoured, very slow
A: fangs 1, strong nose, distributed training
a: Renounce Religion, Bend Time


You were on level 10 of the Dungeon.
You worshipped Cheibriados.
Cheibriados was pleased with you.
You visited 2 branches of the dungeon, and saw 11 of its levels.

You collected 657 gold pieces.
You spent 358 gold pieces at shops.

Inventory:

Hand Weapons
 l - a +0 sling
 m - a +2 dagger of venom
 x - a +0 flail of holy wrath
 J - the +6 whip of Mandamus {heavy, Int+5 Dex-2}
   (You took it off a wight on level 8 of the Dungeon)

   Int:       It affects your intelligence (+5).
   Dex:       It affects your dexterity (-2).
 L - a +2 short sword of holy wrath (weapon)
Armour
 p - a scarf of resistance (worn)
 q - a +2 hat (worn)
 r - a +0 pair of gloves (worn)
 w - the +0 fire dragon scales "Ixetog" {rF++ rC- Int+3}
   (You found it on level 5 of the Dungeon)

   Int:       It affects your intelligence (+3).
   rF:        It greatly protects you from fire.
   rC:        It makes you vulnerable to cold.
 y - +0 acid dragon scales (worn)
 F - a +0 buckler (worn)
Jewellery
 j - a +6 ring of intelligence (left hand)
 v - a +6 ring of dexterity
 C - a +4 ring of protection (right hand)
 D - a ring of flight
 K - an amulet of the acrobat (around neck)
 N - a ring of positive energy
Wands
 g - a wand of paralysis (5)
 G - a wand of flame (23)
 O - a wand of digging (4)
Scrolls
 a - 3 scrolls of vulnerability
 c - a scroll of enchant armour
 d - a scroll of noise
 e - 3 scrolls of fear
 f - a scroll of brand weapon
 h - 7 scrolls of teleportation
 k - a scroll of torment
 o - 2 scrolls of blinking
 z - 2 scrolls of silence
 A - 2 scrolls of amnesia
 E - a scroll of enchant weapon
 H - 2 scrolls of immolation
 M - a scroll of fog
Potions
 b - 2 potions of magic
 i - 2 potions of attraction
 n - 3 potions of curing
 s - 2 potions of flight
 t - 3 potions of lignification
 u - a potion of might
 B - 3 potions of haste
 I - a potion of degeneration
 P - a potion of invisibility {unknown}


   Skills:
 + Level 6.1 Fighting
 + Level 6.1 Short Blades
 + Level 6.1 Long Blades
 + Level 6.1 Axes
 + Level 6.1 Maces & Flails
 + Level 6.1 Polearms
 + Level 6.1 Staves
 + Level 6.1 Ranged Weapons
 + Level 6.1 Throwing
 + Level 6.1 Armour
 + Level 7.7 Dodging
 + Level 7.5 Stealth
 + Level 6.1 Shields
 + Level 6.1 Unarmed Combat
 + Level 8.0 Spellcasting
 + Level 5.1 Conjurations
 + Level 5.1 Hexes
 + Level 5.1 Summonings
 + Level 5.1 Necromancy
 + Level 5.1 Translocations
 + Level 5.1 Transmutations
 + Level 5.1 Fire Magic
 + Level 8.8 Ice Magic
 + Level 5.1 Air Magic
 + Level 5.1 Earth Magic
 + Level 5.1 Poison Magic
 + Level 6.7 Invocations
 + Level 6.1 Evocations


You had 15 spell levels left.
You knew the following spells:

 Your Spells              Type           Power      Damage    Failure   Level
a - Freeze                Ice            100%       1d10      1%          1
b - Frozen Ramparts       Ice            100%       1d16      1%          3
c - Ozocubu's Armour      Ice            58%        N/A       1%          3
d - Summon Ice Beast      Ice/Summ       51%        N/A       4%          4

Your spell library contained the following spells:

 Spells                   Type           Power      Damage    Failure   Level
 Dazzling Flash           Conj/Hex       82%        N/A       3%          3
 Vhi's Electric Charge    Tloc/Air       82%        N/A       3%          3
 Volatile Blastmotes      Fire/Tloc      82%        2d16      3%          3
 Iskenderun's Mystic Bla  Conj/Tloc      41%        2d9       11%         4
 Arcjolt                  Conj/Air       20%        1d30      30%         5
 Starburst                Conj/Fire      20%        6d7       86%         6
 Ozocubu's Refrigeration  Ice            29%        4d13      89%         7
 Maxwell's Capacitive Co  Air            20%        ∞         100%        8


Dungeon Overview and Level Annotations

Branches:
Dungeon (10/15)            Temple (1/1) D:7
   Lair: D:8-11         Orc: D:9-12

Altars:
Ashenzari
Cheibriados
Dithmenos
Elyvilon
Fedhas
Gozag
Hepliaklqana
Kikubaaqudgha
Makhleb
Nemelex Xobeh
Okawaru
Qazlal
Ru
Sif Muna
Trog
Uskayaw
Vehumet
Wu Jian
Xom
Yredelemnul
Zin
The Shining One

Shops:
D:1 [   D:3 ?   D:7 *   D:8 (!*((   D:9 *   D:10 *

Annotations:
D:4 3 runed translucent doors, H0rd4k's ghost, amateur HuAr; SharpKris's ghost, amateur GnEn; Zippel's ghost, amateur OpCj; ripuliukko's ghost, amateur DEEE
D:6 Dowan
D:9 exclusion: obsidian statue


Innate Abilities, Weirdness & Mutations

You have very sharp teeth.
Your uncanny sense of smell can sniff out nearby items.
Your experience applies equally to all skills.


Message History

Something bites you but does no damage.
You barely miss something.
The wall freezes something but does no damage.
Something hits you! Something bites you but does no damage.
You hit something but do no damage. You hit something but do no damage.
The wall freezes something but does no damage.
Something draws life force from you!
You hit something but do no damage.
The wall freezes something but does no damage.
Something draws life force from you!
You closely miss something. Your bite misses something.
The frozen ramparts melt away.
Something hits you but does no damage.
You hit something but do no damage. Your bite misses something.
Something hits you but does no damage.
You hear some strange, mumbled words.
Something tries to affect you, but you resist.
You hit something.
Something hits you but does no damage. x2
Something bites you but does no damage.
You barely miss something. Something hits you but does no damage.
Something bites you.
Something draws strength from your injuries!
You hit something but do no damage. Something hits you but does no damage.
You closely miss something. Your bite misses something. Something hits you!
* * * LOW HITPOINT WARNING * * *
Something hits you!
* * * LOW HITPOINT WARNING * * *
Something bites you!
* * * LOW HITPOINT WARNING * * *
Something draws strength from your injuries!
You hit something but do no damage. You block something's attack.
Something hits you but does no damage. Something closely misses you.
You hit something but do no damage. Something barely misses you.
Okay, then.
You hit something. You bite something. Something barely misses you.
Something hits you but does no damage. Something bites you.
* * * LOW HITPOINT WARNING * * *
Something draws strength from your injuries!
Magic courses through your body. Something hits you.
You die...

............ ...
#.....<...# ....
#......$..### ....
#.....$....) ....
#.........# ....
#.../....)# ....
#........)## .#..
#........))## #..
#.......))@{# #.....
...........##......#
#.....
#...........##
#..#### ##....#
#...$.....####
....... .....#
#._.......# ........
...## #.........#
.......#. #..#
#.......... $.......
#.# ∆........# #..
....#...##..


There were no monsters in sight!

Vanquished Creatures
  A troll (D:10)
  2 hornets
  2 yaks (D:5)
  6 wyverns
  A steam dragon (D:8)
  A vampire mosquito (D:5)
  Menkaure (D:5)
  2 acid dragons
  2 water moccasins
  An ice beast (D:8)
  2 orc warriors
  3 black bears
  2 sky beasts
  4 ogres
  2 centaurs
  A phantom (D:7)
  3 kobold brigands
  5 bullfrogs
  A scorpion (D:4)
  8 wights
  7 killer bees
  5 howler monkeys
  2 jellies
  2 gnoll boudas
  6 hounds (D:5)
  5 orc priests
  2 sleepcaps
  Natasha (thrice) (D:2)
  4 iguanas
  12 orc wizards
  Robin (D:2)
  25 gnolls
  6 adders
  3 shadow imps
  2 white imps (D:7)
  An ufetubus (D:5)
  2 worms
  3 dart slugs
  65 orcs
  2 bats
  5 endoplasms
  2 giant cockroaches
  13 goblins
  11 hobgoblins
  13 jackals (D:5)
  23 kobolds
  5 quokkas
  10 ball pythons
  4 frilled lizards
294 creatures vanquished.

Notes
Turn   | Place    | Note
-------+----------+-------------------------------------------
     0 | D:1      | MacCMillion the Gnoll Ice Elementalist began the quest for
                  | the Orb.
     0 | D:1      | Reached XP level 1. HP: 13/13 MP: 6/6
   171 | D:1      | Reached XP level 2. HP: 19/19 MP: 3/7
   481 | D:1      | Found Zitaacw's Armour Shop.
   975 | D:2      | Found a faded altar of an unknown god.
  1034 | D:2      | Reached skill level 5 in Spellcasting
  1034 | D:2      | Reached XP level 3. HP: 18/25 MP: 6/9
  1083 | D:2      | Learned a level 3 spell: Frozen Ramparts
  1087 | D:2      | Learned a level 3 spell: Ozocubu's Armour
  1097 | D:2      | Reached skill level 1 in Invocations
  1121 | D:2      | Noticed Robin
  1124 | D:2      | Killed Robin
  1125 | D:2      | Reached skill level 1 in Fighting
  1125 | D:2      | Reached skill level 1 in Short Blades
  1125 | D:2      | Reached skill level 1 in Long Blades
  1125 | D:2      | Reached skill level 1 in Axes
  1125 | D:2      | Reached skill level 1 in Maces & Flails
  1125 | D:2      | Reached skill level 1 in Polearms
  1125 | D:2      | Reached skill level 1 in Staves
  1125 | D:2      | Reached skill level 1 in Ranged Weapons
  1125 | D:2      | Reached skill level 1 in Throwing
  1125 | D:2      | Reached skill level 1 in Armour
  1125 | D:2      | Reached skill level 1 in Shields
  1125 | D:2      | Reached skill level 1 in Unarmed Combat
  1125 | D:2      | Reached skill level 1 in Evocations
  1399 | D:2      | Reached XP level 4. HP: 32/32 MP: 4/11
  1671 | D:2      | Noticed Natasha
  1675 | D:2      | Killed Natasha
  1676 | D:2      | Reached skill level 1 in Conjurations
  1676 | D:2      | Reached skill level 1 in Hexes
  1676 | D:2      | Reached skill level 1 in Summonings
  1676 | D:2      | Reached skill level 1 in Necromancy
  1676 | D:2      | Reached skill level 1 in Translocations
  1676 | D:2      | Reached skill level 1 in Transmutations
  1676 | D:2      | Reached skill level 1 in Fire Magic
  1676 | D:2      | Reached skill level 1 in Air Magic
  1676 | D:2      | Reached skill level 1 in Earth Magic
  1676 | D:2      | Reached skill level 1 in Poison Magic
  1893 | D:2      | Noticed Natasha
  1910 | D:2      | Killed Natasha
  2119 | D:2      | Found a faded altar of an unknown god.
  2441 | D:2      | Noticed Natasha
  2450 | D:2      | Killed Natasha
  2451 | D:2      | Reached XP level 5. HP: 37/37 MP: 5/12
  3213 | D:3      | Found Gefegg's Magic Scroll Emporium.
  3246 | D:3      | Bought a scroll of identify for 20 gold pieces
  3246 | D:3      | Bought a scroll of blinking for 75 gold pieces
  3595 | D:3      | Found an iron altar of Okawaru.
  3660 | D:4      | Reached XP level 6. HP: 43/44 MP: 6/13
  3664 | D:4      | Reached skill level 5 in Dodging
  3725 | D:4      | Noticed a black bear
  3735 | D:4      | Killed a black bear
  3821 | D:4      | Found a runed translucent gate.
  3821 | D:4      | Found a runed translucent gate.
  3821 | D:4      | Noticed Zippel's ghost (amateur OpCj)
  3822 | D:4      | Found a runed translucent gate.
  3822 | D:4      | Noticed SharpKris's ghost (amateur GnEn)
  3823 | D:4      | Noticed H0rd4k's ghost (amateur HuAr)
  3823 | D:4      | Noticed ripuliukko's ghost (amateur DEEE)
  3884 | D:4      | Noticed a water moccasin
  4117 | D:4      | Killed a water moccasin
  4118 | D:4      | Reached XP level 7. HP: 41/51 MP: 8/15
  4393 | D:4      | Reached skill level 5 in Stealth
  5008 | D:5      | Entered Level 5 of the Dungeon
  5128 | D:5      | Reached XP level 8. HP: 58/58 MP: 12/16
  5742 | D:5      | Noticed Menkaure
  5818 | D:5      | Found a bloodstained altar of Trog.
  5818 | D:5      | Found a radiant altar of Vehumet.
  6077 | D:5      | Found a large runed translucent door.
  6077 | D:5      | Found a large runed translucent door.
  6187 | D:5      | Noticed a yak
  6193 | D:5      | Killed a yak
  6287 | D:5      | Identified the +0 fire dragon scales "Ixetog" {rF++ rC-
                  | Int+3}
  6303 | D:5      | Noticed a yak
  6309 | D:5      | Found a large runed translucent door.
  6309 | D:5      | Found a large runed translucent door.
  6447 | D:5      | Paralysed by an orc for 4 turns
  6522 | D:5      | Noticed a hornet
  6525 | D:5      | Paralysed by a hornet for 2 turns
  6529 | D:5      | Paralysed by a hornet for 3 turns
  6533 | D:5      | Killed a hornet
  6534 | D:5      | Reached XP level 9. HP: 30/65 MP: 9/18
  7580 | D:5      | Identified the +6 halberd "Othruni" {drain, Int+5 Dex-3
                  | SInv}
  7630 | D:5      | Reached skill level 5 in Invocations
  7683 | D:5      | Learned a level 4 spell: Summon Ice Beast
  7825 | D:5      | Killed Menkaure
  8189 | D:6      | Noticed Dowan
  8800 | D:7      | Reached skill level 5 in Fighting
  8800 | D:7      | Reached skill level 5 in Short Blades
  8800 | D:7      | Reached skill level 5 in Long Blades
  8800 | D:7      | Reached skill level 5 in Axes
  8800 | D:7      | Reached skill level 5 in Maces & Flails
  8800 | D:7      | Reached skill level 5 in Polearms
  8800 | D:7      | Reached skill level 5 in Staves
  8800 | D:7      | Reached skill level 5 in Ranged Weapons
  8800 | D:7      | Reached skill level 5 in Throwing
  8800 | D:7      | Reached skill level 5 in Armour
  8800 | D:7      | Reached skill level 5 in Shields
  8800 | D:7      | Reached skill level 5 in Unarmed Combat
  8800 | D:7      | Reached skill level 5 in Evocations
  8800 | D:7      | Reached XP level 10. HP: 51/74 MP: 11/20
  9419 | D:7      | Paralysed by a hornet for 2 turns
 10036 | D:7      | Found a staircase to the Ecumenical Temple.
 10063 | Temple   | Entered the Ecumenical Temple
 10128 | Temple   | Became a worshipper of Cheibriados the Contemplative
 10296 | D:7      | Found Unust's Lightly-Used Armoury.
 10334 | D:8      | Found Pirhego's Weapon Boutique.
 10390 | D:8      | Found Kujegal's Distillery.
 10390 | D:8      | Found Puasuah's Weapon Shoppe.
 10397 | D:8      | Found Noqiewer's Weapon Emporium.
 10397 | D:8      | Found Yruttur's Assorted Antiques.
 10417 | D:8      | Bought a scroll labelled MIFOKH NONAM for 27 gold pieces
 10417 | D:8      | Bought a scroll labelled UNKUAG SIUG for 27 gold pieces
 10417 | D:8      | Bought a scroll labelled ADWAG FERIUCVO for 27 gold pieces
 10423 | D:8      | Bought a potion of degeneration for 13 gold pieces
 10841 | D:8      | Reached * piety under Cheibriados
 11029 | D:8      | Identified the +6 whip of Mandamus {heavy, Int+5 Dex-2}
 11409 | D:8      | Found a hazy altar of Hepliaklqana.
 11615 | D:9      | Found Ciucu's General Store.
 11617 | D:9      | Found Dorohed's Specific Store.
 11630 | D:9      | Bought 2 scrolls of identify for 52 gold pieces
 11630 | D:9      | Bought a scroll of identify for 26 gold pieces
 11637 | D:9      | Bought a potion of might for 68 gold pieces
 11834 | D:9      | Noticed an obsidian statue
 11909 | D:9      | Found a shimmering blue altar of Sif Muna.
 12044 | D:9      | Reached skill level 5 in Conjurations
 12044 | D:9      | Reached skill level 5 in Hexes
 12044 | D:9      | Reached skill level 5 in Summonings
 12044 | D:9      | Reached skill level 5 in Necromancy
 12044 | D:9      | Reached skill level 5 in Translocations
 12044 | D:9      | Reached skill level 5 in Transmutations
 12044 | D:9      | Reached skill level 5 in Fire Magic
 12044 | D:9      | Reached skill level 5 in Air Magic
 12044 | D:9      | Reached skill level 5 in Earth Magic
 12044 | D:9      | Reached skill level 5 in Poison Magic
 12056 | D:9      | Reached XP level 11. HP: 61/81 MP: 16/22
 12462 | D:9      | Noticed a sixfirhy
 12782 | D:10     | Entered Level 10 of the Dungeon
 12855 | D:10     | Found Bixkul's Assorted Antiques.
 12866 | D:10     | Bought an emerald potion for 23 gold pieces
 12884 | D:10     | Reached ** piety under Cheibriados
 12900 | D:10     | Found a blossoming altar of Fedhas.
 13000 | D:10     | Found a stormy altar of Qazlal.
 13033 | D:10     | HP: 4/81 [something (8)]
 13037 | D:10     | Slain by an unseen horror

Illustrated notes

Levels and vault maps discovered:
D:1:      mrwooster_arrival_arrow, layout_loops_ring, serial_shops,
          nicolae_shop_hallway_plus
D:2:      layout_loops_cross, shapermc_ecumenical_altar_gd, due_unseen_surprise,
          uniq_robin, uniq_natasha
D:3:      layout_loops_ring, marbit_many_paths, serial_shops,
          nicolae_shop_getting_attention
D:4:      layout_layer_cave, gammafunk_ghost_cemetery,
          chequers_serial_rivers_micro_d, hellmonk_no_cap
D:5:      lemuel_castle_with_subvaults [lemuel_castle_interior_original],
          layout_basic, grunt_temple_overflow_open,
          chequers_serial_rivers_micro_d, minmay_hollow_rounded_squares,
          uniq_menkaure
D:6:      layout_rooms, uniq_duvessa
D:7:      layout_gridville, temple_pool_b, minmay_shop_damaged, minmay_circle_x
D:8:      layout_loops_ring, mainiacjoe_overflow_alcove_4, serial_shops,
          nicolae_stop_n_shop_2, nicolae_shop_national_dungeon_mall,
          chequers_garden, nicolae_eternal_life
D:9:      layout_small_grid, amcnicky_altar_gilded, minivault_15,
          nicolae_specific_store
D:10:     layout_rooms, overflow_temple_1_default, mainiacjoe_overflow_paths,
          serial_shops, shop
Temple:   eino_wide_crystal_templ

Skill      XL: |  1  2  3  4  5  6  7  8  9 10 11 |
---------------+----------------------------------+-----
Spellcasting   | 5 6 7 8 |  8.0
Invocations    | 1 2 3 4 5 6 |  6.7
Fighting       | 1 2 3 4 5 6 |  6.1
Short Blades   | 1 2 3 4 5 6 |  6.1
Long Blades    | 1 2 3 4 5 6 |  6.1
Axes           | 1 2 3 4 5 6 |  6.1
Maces & Flails | 1 2 3 4 5 6 |  6.1
Polearms       | 1 2 3 4 5 6 |  6.1
Staves         | 1 2 3 4 5 6 |  6.1
Ranged Weapons | 1 2 3 4 5 6 |  6.1
Throwing       | 1 2 3 4 5 6 |  6.1
Armour         | 1 2 3 4 5 6 |  6.1
Shields        | 1 2 3 4 5 6 |  6.1
Unarmed Combat | 1 2 3 4 5 6 |  6.1
Evocations     | 1 2 3 4 5 6 |  6.1
Conjurations   | 1 2 3 4 5 |  5.1
Hexes          | 1 2 3 4 5 |  5.1
Summonings     | 1 2 3 4 5 |  5.1
Necromancy     | 1 2 3 4 5 |  5.1
Translocations | 1 2 3 4 5 |  5.1
Transmutations | 1 2 3 4 5 |  5.1
Fire Magic     | 1 2 3 4 5 |  5.1
Air Magic      | 1 2 3 4 5 |  5.1
Earth Magic    | 1 2 3 4 5 |  5.1
Poison Magic   | 1 2 3 4 5 |  5.1
Dodging        | 5 6 7 |  7.7
Stealth        | 5 6 7 |  7.5
Ice Magic      | 8 |  8.8

Action                     |  1- 3 |  4- 6 |  7- 9 | 10-12 || total
---------------------------+-------+-------+-------+-------++-------
  Melee: Dagger            |    14 |    36 |   144 |   118 ||   312
         Bite              |     1 |     6 |    21 |    22 ||    50
         Punch             |       |       |     7 |     2 ||     9
         Flail             |       |       |    23 |    44 ||    67
         Short sword       |       |       |       |    21 ||    21
   Fire: Sling             |     2 |       |       |     2 ||     4
   Cast: Freeze            |    26 |     5 |     6 |     3 ||    40
         Frozen Ramparts   |     7 |    25 |    58 |    35 ||   125
         Ozocubu's Armour  |     1 |     5 |    22 |    27 ||    55
         Summon Ice Beast  |       |       |       |     1 ||     1
    Use: Scroll            |       |     7 |     1 |    11 ||    19
         Potion            |       |       |     1 |     2 ||     3
   Stab: Sleeping          |     1 |     1 |     7 |     4 ||    13
         Distracted        |       |     1 |       |       ||     1
 Armour: Robe              |     6 |     7 |    34 |       ||    47
         Acid dragon scale |       |       |    17 |    64 ||    81
  Dodge: Dodged            |    19 |    16 |   129 |   123 ||   287
  Block: Buckler           |       |       |       |    34 ||    34
